 Dungeon Crawl Stone Soup version 0.29.1-13-g9f3cf754e1 (webtiles) character file.

Game seed: 9037406971676197523

1651 Gabide the Basher (level 9, -3/71 HPs)
             Began as a Formicid Berserker on Jan 30, 2023.
             Was a Priest of Trog.
             Succumbed to a water moccasin's poison
             ... on level 7 of the Dungeon.
             The game lasted 00:10:15 (7871 turns).

Gabide the Basher (Formicid Berserker)              Turns: 7871, Time: 00:10:17

Health: -3/71      AC:  9    Str: 32    XL:     9   Next: 19%
Magic:  9/9        EV: 12    Int:  7    God:    Trog [***...]
Gold:   210        SH:  0    Dex: 13    Spells: 8/8 levels left

rFire   . . .      SeeInvis +   e - +7 dagger
rCold   + . .      Faith    .   (no shield)
rNeg    . . .      Spirit   .   v - +0 scale mail
rPois   .          Reflect  .   (helmet unavailable)
rElec   .          Harm     .   b - +2 cloak
rCorr   .          Rampage  .   (no gloves)
Will    ++...                   (no boots)
Stlth   ..........              (no amulet)
HPRegen 1.21/turn               g - ring of protection from cold
MPRegen 0.11/turn               h - +6 ring of strength

@: lethally poisoned (-3 -> -37), strong-willed, regenerating
A: permanent stasis, dig shafts and tunnels, antennae 3, four strong arms
a: Dig, Shaft Self, Renounce Religion, Trog's Hand


You were on level 7 of the Dungeon.
You worshipped Trog.
Trog was most pleased with you.
You visited 1 branch of the dungeon, and saw 7 of its levels.
You also visited: Sewer.

You collected 210 gold pieces.

Inventory:

Hand Weapons
 e - a +7 dagger (weapon)
 p - a +0 giant club
Missiles
 u - 11 poisoned darts
Armour
 b - a +2 cloak (worn)
 v - a +0 scale mail (worn)
Jewellery
 g - a ring of protection from cold (left hand)
 h - a +6 ring of strength (right hand)
Wands
 o - a wand of paralysis (15)
Scrolls
 c - a scroll of amnesia {unknown}
 f - a scroll of magic mapping
 l - a scroll of vulnerability {unknown}
 n - 2 scrolls of immolation
 q - a scroll of torment {unknown}
 s - a scroll of brand weapon {unknown}
Potions
 i - a potion of flight
 j - a potion of attraction
 k - a potion of heal wounds {unknown}
 t - a potion of mutation {unknown}


   Skills:
 + Level 6.9 Fighting
 * Level 8.4 Maces & Flails
 - Level 2.1 Armour
 + Level 5.2 Dodging


You had 8 spell levels left.
You didn't know any spells.
Your spell library was empty.

Dungeon Overview and Level Annotations

Branches:
Dungeon (7/15)             Temple (0/1) D:4           Sewer (visited)

Altars:
Gozag
Qazlal

Shops:
D:3 =   D:5 (   D:6 (*


Innate Abilities, Weirdness & Mutations

You cannot be hasted, slowed, berserked, paralysed or teleported.
You can dig through walls and to a lower floor.
You have a pair of large antennae on your head. (SInv)
Your four strong arms can wield two-handed weapons with a shield.


Message History

You feel extremely sick. The water moccasin barely misses you.
You hit the water moccasin.
The water moccasin is lightly wounded.
You feel very sick.
The water moccasin bites you but does no damage.
You feel better. The water moccasin barely misses you.
The water moccasin bites you.
You are poisoned.
The water moccasin poisons you!
Your skin crawls.
You feel strong-willed.
You feel very sick. The water moccasin bites you.
You are more poisoned.
The water moccasin poisons you!
The water moccasin attacks as you move away!
The water moccasin barely misses you.
You feel extremely sick. The water moccasin bites you!
* * * LOW HITPOINT WARNING * * *
You are lethally poisoned!
The water moccasin poisons you!
Aiming: Paralyse
Press: ? - help, Shift-Dir - straight line, f - water moccasin
Aim: a water moccasin (lightly wounded, chance to affect: 49%)
The water moccasin resists with some effort.
* * * LOW HITPOINT WARNING * * *
You feel extremely sick. The water moccasin bites you.
* * * LOW HITPOINT WARNING * * *
You are more poisoned.
The water moccasin poisons you!
Read: scroll of fear
Press: ? - help, Dir - look around, f - activate Look: a water moccasin (lightly wounded, chance to affect: 97%)
As you read the scroll of fear, it crumbles to dust.
You assume a fearsome visage.
The water moccasin looks frightened!
You die...

.... ... .# ....
##.# .# .....
... .#
#....##.###.#
..........(#
#........#
#.#.......#####
#.....<@S.....#
###.......###...
#.......#
..........#
########.## ...
...# ...#


You could see a water moccasin (fleeing).

Vanquished Creatures
  A water moccasin (D:6)
  2 black bears (D:6)
  An ice beast (D:6)
  2 ogres
  A phantom (D:6)
  2 kobold brigands (D:6)
  3 scorpions
  2 bullfrogs (Sewer)
  A jelly (D:6)
  An orc priest (D:4)
  3 hounds
  3 iguanas
  Crazy Yiuf (D:4)
  Terence (D:3)
  An orc wizard (D:5)
  9 adders
  4 gnolls
  An ufetubus (D:6)
  A worm (D:3)
  3 dart slugs
  7 orcs
  18 ball pythons
  5 bats
  13 endoplasms
  12 giant cockroaches
  4 hobgoblins
  9 jackals
  4 quokkas (Sewer)
  24 frilled lizards
  6 goblins
  10 kobolds
  7 rats
162 creatures vanquished.

Vanquished Creatures (others)
  9 plants (D:4)
9 creatures vanquished.

Grand Total: 171 creatures vanquished

Notes
Turn   | Place    | Note
-------+----------+-------------------------------------------
     0 | D:1      | Gabide the Formicid Berserker began the quest for the Orb.
     0 | D:1      | Reached XP level 1. HP: 18/18 MP: 1/1
   103 | D:1      | Reached XP level 2. HP: 21/24 MP: 2/2
   161 | D:1      | Reached XP level 3. HP: 20/29 MP: 3/3
   622 | D:1      | Reached ** piety under Trog
   786 | D:1      | Reached XP level 4. HP: 37/37 MP: 4/4
   993 | D:2      | Reached skill level 4 in Maces & Flails
  1854 | D:3      | Found a faded altar of an unknown god.
  1868 | D:3      | Reached XP level 5. HP: 42/42 MP: 5/5
  1884 | D:3      | Noticed an ogre
  1914 | D:3      | Killed an ogre
  1927 | D:3      | Reached XP level 6. HP: 19/49 MP: 6/6
  2282 | D:3      | Found Ackuaqiv's Jewellery Shoppe.
  2380 | D:3      | Noticed Terence
  2408 | D:3      | Killed Terence
  2409 | D:3      | Reached skill level 5 in Maces & Flails
  3073 | D:4      | Found a staircase to the Ecumenical Temple.
  3153 | D:4      | Found a stormy altar of Qazlal.
  3300 | D:4      | Reached XP level 7. HP: 23/55 MP: 7/7
  3307 | D:4      | Reached skill level 5 in Fighting
  3552 | D:4      | Found a glowing drain.
  3557 | Sewer    | Entered a sewer
  3815 | Sewer    | Reached *** piety under Trog
  3891 | Sewer    | Reached skill level 6 in Maces & Flails
  4859 | D:4      | Reached XP level 8. HP: 27/64 MP: 8/8
  5179 | D:4      | Found a runed translucent door.
  5180 | D:4      | Noticed Crazy Yiuf
  5193 | D:4      | Killed Crazy Yiuf
  5415 | D:5      | Entered Level 5 of the Dungeon
  5699 | D:5      | Reached skill level 7 in Maces & Flails
  5980 | D:5      | Found Ineguih's Weapon Shoppe.
  6582 | D:6      | Found Deqy's Weapon Shop.
  6887 | D:6      | Reached XP level 9. HP: 51/71 MP: 9/9
  7016 | D:6      | Reached skill level 8 in Maces & Flails
  7016 | D:6      | Reached skill level 5 in Dodging
  7110 | D:6      | Found Gozag's Platinum Reserve.
  7120 | D:6      | Found an opulent altar of Gozag.
  7871 | D:7      | Succumbed to a water moccasin's poison

Illustrated notes

Levels and vault maps discovered:
D:1:      mrwooster_arrival_statue, layout_rooms, minmay_close_crescents
D:2:      layout_basic
D:3:      layout_basic, basic_ecumenical_altar, serial_shops,
          nicolae_lakefront_shop, uniq_terence
D:4:      layout_loops_cross, mainiacjoe_overflow_six_doors_small,
          minmay_temple_entry_drinking_statues, portal_sewer_entry_e,
          hangedman_decor_lopped, minmay_lizard_king, uniq_crazy_yiuf_cottage
D:5:      layout_basic, serial_shops,
          nicolae_shop_temple_entry_statues_fountains, serial_park_tiny_pond
D:6:      layout_gridville, nicolae_gozag_zags_fifth_avenue, serial_shops, shop,
          serial_park_tiny_1
D:7:      layout_loops_cross, cheibriados_altar_1, jmf_multi_god_temple,
          st_stairs_12, chequers_avenue, uniq_menkaure

Skill      XL: |  1  2  3  4  5  6  7  8  9 |
---------------+----------------------------+-----
Dodging        | 2 3 4 5 |  5.2
Maces & Flails | 4 5 6 7 8 |  8.4
Fighting       | 4 5 6 |  6.9
Armour         | |  2.1

Action                   |  1- 3 |  4- 6 |  7- 9 || total
-------------------------+-------+-------+-------++-------
Melee: Mace              |    44 |       |       ||    44
       Dagger            |    50 |   173 |   377 ||   600
       Punch             |       |     5 |     7 ||    12
Invok: Trog's Hand       |       |     4 |     6 ||    10
Evoke: Wand              |       |       |     1 ||     1
  Use: Scroll            |       |     6 |     6 ||    12
       Potion            |       |     1 |     1 ||     2
Armor: Animal skin       |     1 |       |       ||     1
       Ring mail         |    15 |       |       ||    15
       Chain mail        |    32 |    85 |     2 ||   119
       Scale mail        |       |       |   140 ||   140
Dodge: Dodged            |    57 |    90 |   270 ||   417
